TOP OF THE 1ST |
Mississippi State Bulldogs batting - Pitching for Saint John's Red Storm : RHP Brady Adkins
|
Pitching: RHP Brady Adkins
|
|
Batting: RHB Louis-Joseph Perrier
|
0-0: Swinging Strike 0-1: Ball 1-1: Called Strike 1-2: Strikes out looking
|
Batting: RHB Cory Douglas
|
0-0: Called Strike 0-1: Foul Ball, location: 2F 0-2: Foul Ball, location: 2F 0-2: Strikes out swinging
|
Batting: SHB Tom Stewart
|
0-0: Ball 1-0: Called Strike 1-1: Ball 2-1: Ball 3-1: Ground out 1-3 (Groundball, 15)
|
Top of the 1st over - 0 runs, 0 hits, 0 errors, 0 left on base; Mississippi State 0 - Saint John's 0 |
BOTTOM OF THE 1ST |
Saint John's Red Storm batting - Pitching for Mississippi State Bulldogs : RHP John Conner
|
Pitching: RHP John Conner
|
|
Batting: RHB Thomas Barnes
|
0-0: Called Strike 0-1: Foul Ball, location: 2F 0-2: SINGLE (Groundball, 6D)
|
Batting: RHB Tristan Vincent
|
0-0: Ball Thomas Barnes is caught stealing 2nd base 1-0: Called Strike 1-1: Swinging Strike 1-2: Strikes out swinging, 2-3 out at first.
|
Batting: LHB Roger Faulkner
|
0-0: Ball 1-0: Foul Ball, location: 2F 1-1: Foul Ball, location: 2F 1-2: Foul Ball, location: 2F 1-2: SINGLE (Groundball, 34D)
|
Batting: RHB Russ Long
|
0-0: Called Strike Balk! Roger Faulkner to second 0-1: Swinging Strike 0-2: Ball 1-2: Strikes out looking
|
Bottom of the 1st over - 0 runs, 2 hits, 0 errors, 1 left on base; Mississippi State 0 - Saint John's 0 |
TOP OF THE 2ND |
Mississippi State Bulldogs batting - Pitching for Saint John's Red Storm : RHP Brady Adkins
|
Batting: SHB Jessie Teague
|
0-0: SINGLE (Groundball, 34D)
|
Batting: RHB Brian Hoover
|
0-0: Hit by Pitch Jessie Teague to second
|
Batting: LHB Joey Clark
|
0-0: Called Strike 0-1: SINGLE (Line Drive, 78S) Jessie Teague to third Brian Hoover to second
|
Batting: RHB Andrew Barker
|
0-0: Called Strike 0-1: Fly out, F3 (Popup, 23F)
|
Batting: LHB Juan Branch
|
0-0: Ball 1-0: Ball 2-0: SINGLE (Flyball, 7S) Jessie Teague scores Brian Hoover to third Joey Clark to second
|
Batting: RHB Bryan Weber
|
0-0: Ball Wild Pitch! Brian Hoover scores Joey Clark to third Juan Branch to second 1-0: SINGLE (Line Drive, 6M) Joey Clark scores Juan Branch to third
|
Batting: RHB Louis-Joseph Perrier
|
0-0: Called Strike 0-1: Swinging Strike 0-2: Ball 1-2: Ball 2-2: Ball 3-2: Grounds into double play, 4-6-3 (Groundball, 34)
|
Top of the 2nd over - 3 runs, 4 hits, 0 errors, 1 left on base; Mississippi State 3 - Saint John's 0 |
BOTTOM OF THE 2ND |
Saint John's Red Storm batting - Pitching for Mississippi State Bulldogs : RHP John Conner
|
Batting: LHB Jack Rigney
|
0-0: Fly out, F4 (Line Drive, 4MD)
|
Batting: SHB Keith Frazier
|
0-0: Ball 1-0: Swinging Strike 1-1: DOUBLE (Line Drive, 89D)
|
Batting: RHB Peter Williams
|
0-0: Foul Ball, location: 2F 0-1: Foul Ball, location: 2F 0-2: Foul Ball, location: 2F 0-2: Ball 1-2: DOUBLE (Line Drive, 7D) Keith Frazier scores
|
Batting: RHB Jack Bishop
|
0-0: Called Strike 0-1: Fly out, F9 (Line Drive, 9D) Runner from 2nd tags up, SAFE at 3rd, no throw
|
Batting: RHB Karl Livingston
|
0-0: Foul Ball, location: 2F 0-1: Foul Ball, location: 2F 0-2: Ball 1-2: Strikes out swinging
|
Bottom of the 2nd over - 1 run, 2 hits, 0 errors, 1 left on base; Mississippi State 3 - Saint John's 1 |
TOP OF THE 3RD |
Mississippi State Bulldogs batting - Pitching for Saint John's Red Storm : RHP Brady Adkins
|
Batting: RHB Cory Douglas
|
0-0: Called Strike 0-1: Swinging Strike 0-2: Ball 1-2: Foul Ball, location: 2F 1-2: Ball 2-2: Strikes out looking
|
Batting: SHB Tom Stewart
|
0-0: Ball 1-0: Called Strike 1-1: Ball 2-1: Ball 3-1: Fly out, F7 (Flyball, 7)
|
Batting: SHB Jessie Teague
|
0-0: Called Strike 0-1: Ground out 6-3 (Groundball, 6)
|
Top of the 3rd over - 0 runs, 0 hits, 0 errors, 0 left on base; Mississippi State 3 - Saint John's 1 |
BOTTOM OF THE 3RD |
Saint John's Red Storm batting - Pitching for Mississippi State Bulldogs : RHP John Conner
|
Batting: RHB Thomas Barnes
|
0-0: Called Strike 0-1: Called Strike 0-2: Ball 1-2: Ball 2-2: Ground out 5-3 (Groundball, 56S)
|
Batting: RHB Tristan Vincent
|
0-0: Foul Ball, location: 2F 0-1: Ball 1-1: Foul Ball, location: 2F 1-2: Foul Ball, location: 2F 1-2: Ball 2-2: Foul Ball, location: 2F 2-2: Ball 3-2: Fly out, F9 (Flyball, 9LD)
|
Batting: LHB Roger Faulkner
|
0-0: Ball 1-0: Called Strike 1-1: Swinging Strike 1-2: Reached on error, E1 (Groundball, P)
|
Batting: RHB Russ Long
|
0-0: Ball 1-0: Called Strike 1-1: Ground out U3 (Groundball, 34)
|
Bottom of the 3rd over - 0 runs, 0 hits, 1 error, 1 left on base; Mississippi State 3 - Saint John's 1 |
TOP OF THE 4TH |
Mississippi State Bulldogs batting - Pitching for Saint John's Red Storm : RHP Brady Adkins
|
Batting: RHB Brian Hoover
|
0-0: Ball 1-0: Fly out, F8 (Flyball, 8RS)
|
Batting: LHB Joey Clark
|
0-0: Ground out 6-3 (Groundball, 6MD)
|
Batting: RHB Andrew Barker
|
0-0: Called Strike 0-1: Ball 1-1: Called Strike 1-2: Foul Ball, location: 2F 1-2: Strikes out swinging
|
Top of the 4th over - 0 runs, 0 hits, 0 errors, 0 left on base; Mississippi State 3 - Saint John's 1 |
BOTTOM OF THE 4TH |
Saint John's Red Storm batting - Pitching for Mississippi State Bulldogs : RHP John Conner
|
Batting: LHB Jack Rigney
|
0-0: Called Strike 0-1: Ball 1-1: Called Strike 1-2: Ground out U3 (Groundball, 3)
|
Batting: SHB Keith Frazier
|
0-0: SINGLE (Flyball, 9S)
|
Batting: RHB Peter Williams
|
0-0: Called Strike Keith Frazier steals 2nd base 0-1: Foul Ball, location: 2F 0-2: Ball 1-2: Ball 2-2: Strikes out swinging
|
Batting: RHB Jack Bishop
|
0-0: Ball 1-0: Called Strike 1-1: Ball 2-1: Ball 3-1: Ground out 5-3 (Groundball, 56)
|
Bottom of the 4th over - 0 runs, 1 hit, 0 errors, 1 left on base; Mississippi State 3 - Saint John's 1 |
TOP OF THE 5TH |
Mississippi State Bulldogs batting - Pitching for Saint John's Red Storm : RHP Brady Adkins
|
Batting: LHB Juan Branch
|
0-0: Called Strike 0-1: Foul Ball, location: 2F 0-2: Ball 1-2: Ball 2-2: Strikes out looking
|
Batting: RHB Bryan Weber
|
0-0: Called Strike 0-1: Called Strike 0-2: Ground out 5-3 (Groundball, 56S)
|
Batting: RHB Louis-Joseph Perrier
|
0-0: Called Strike 0-1: Ball 1-1: Ball 2-1: Ground out 4-3 (Groundball, 4MD)
|
Top of the 5th over - 0 runs, 0 hits, 0 errors, 0 left on base; Mississippi State 3 - Saint John's 1 |
BOTTOM OF THE 5TH |
Saint John's Red Storm batting - Pitching for Mississippi State Bulldogs : RHP John Conner
|
Batting: RHB Karl Livingston
|
0-0: Ball 1-0: Called Strike 1-1: Foul Ball, location: 2F 1-2: Foul Ball, location: 2F 1-2: SINGLE (Groundball, 4MD)
|
Batting: RHB Thomas Barnes
|
0-0: SINGLE (Line Drive, 6MD) Karl Livingston to second
|
Batting: RHB Tristan Vincent
|
0-0: Swinging Strike 0-1: Swinging Strike 0-2: Ball 1-2: Ball 2-2: Foul Ball, location: 2F 2-2: Strikes out swinging
|
Batting: LHB Roger Faulkner
|
0-0: Called Strike 0-1: Ball 1-1: Foul Ball, location: 2F 1-2: SINGLE (Line Drive, 78M) Karl Livingston to third Thomas Barnes to second
|
Pitching: RHP Chris Brandt
|
|
Batting: RHB Russ Long
|
Balk! Karl Livingston scores Thomas Barnes to third Roger Faulkner to second Balk! Thomas Barnes scores Roger Faulkner to third 0-0: Fly out, F9 (Flyball, 9) Runner from 3rd tags up, OUT at HOME
|
Bottom of the 5th over - 2 runs, 3 hits, 0 errors, 0 left on base; Mississippi State 3 - Saint John's 3 |
TOP OF THE 6TH |
Mississippi State Bulldogs batting - Pitching for Saint John's Red Storm : RHP Brady Adkins
|
Batting: RHB Cory Douglas
|
0-0: SINGLE (Flyball, 7LS)
|
Batting: SHB Tom Stewart
|
0-0: Swinging Strike 0-1: Foul Ball, location: 2F 0-2: Fly out, F8 (Line Drive, 8LS)
|
Batting: SHB Jessie Teague
|
0-0: Ball 1-0: Called Strike Cory Douglas steals 2nd base 1-1: Intentional Walk
|
Batting: RHB Brian Hoover
|
0-0: Called Strike 0-1: Ball 1-1: Ball 2-1: Foul Ball, location: 2F 2-2: SINGLE (Groundball, 56D) Cory Douglas to third Jessie Teague to second Runner from 3rd tries for Home, SAFE, no throw
|
Pitching: RHP Steve Batten
|
|
Batting: LHB Joey Clark
|
0-0: Called Strike 0-1: Foul Ball, location: 2F 0-2: Strikes out looking
|
Batting: RHB Andrew Barker
|
0-0: Ball 1-0: Ball 2-0: Ball 3-0: Called Strike 3-1: Base on Balls Jessie Teague to third Brian Hoover to second
|
Batting: LHB Juan Branch
|
0-0: Called Strike 0-1: Ball 1-1: Ball 2-1: Ball 3-1: Base on Balls Jessie Teague scores Brian Hoover to third Andrew Barker to second
|
Batting: RHB Bryan Weber
|
0-0: Foul Ball, location: 2F 0-1: SINGLE (Line Drive, 6MD) Brian Hoover scores Andrew Barker to third Juan Branch to second Runner from 3rd tries for Home, SAFE, throw made home
|
Batting: RHB Louis-Joseph Perrier
|
0-0: Foul Ball, location: 2F 0-1: Ball 1-1: Foul Ball, location: 2F 1-2: Ball 2-2: Ball 3-2: Fly out, F8 (Flyball, 8RD)
|
Top of the 6th over - 4 runs, 3 hits, 0 errors, 2 left on base; Mississippi State 7 - Saint John's 3 |
BOTTOM OF THE 6TH |
Saint John's Red Storm batting - Pitching for Mississippi State Bulldogs : RHP Chris Brandt
|
Batting: LHB Jack Rigney
|
0-0: Ball 1-0: Called Strike 1-1: Ball 2-1: Swinging Strike 2-2: Foul Ball, location: 2F 2-2: SINGLE (Line Drive, 34D)
|
Batting: SHB Keith Frazier
|
0-0: Called Strike 0-1: Ball 1-1: Ball 2-1: Ball 3-1: Foul Ball, location: 2F 3-2: Foul Ball, location: 2F 3-2: Foul Ball, location: 2F 3-2: Fly out, F8 (Flyball, 8RD)
|
Batting: RHB Peter Williams
|
0-0: Swinging Strike 0-1: Grounds into double play, 6-4-3 (Groundball, 6)
|
Bottom of the 6th over - 0 runs, 1 hit, 0 errors, 0 left on base; Mississippi State 7 - Saint John's 3 |
TOP OF THE 7TH |
Mississippi State Bulldogs batting - Pitching for Saint John's Red Storm : RHP Steve Batten
|
Batting: RHB Cory Douglas
|
0-0: Called Strike 0-1: Ball 1-1: SINGLE (Groundball, 56S) (infield hit)
|
Batting: SHB Tom Stewart
|
0-0: DOUBLE (Line Drive, 89D) Cory Douglas to third
|
Batting: SHB Jessie Teague
|
0-0: Intentional Walk
|
Batting: RHB Brian Hoover
|
0-0: Ball 1-0: Called Strike 1-1: Foul Ball, location: 2F 1-2: Strikes out swinging
|
Batting: LHB Joey Clark
|
0-0: Ball 1-0: Ball 2-0: Grounds into fielders choice 4-2 (Groundball, 34) Tom Stewart to third Jessie Teague to second
|
Batting: RHB Andrew Barker
|
0-0: Foul Ball, location: 2F 0-1: Fly out, F6 (Popup, 6)
|
Top of the 7th over - 0 runs, 2 hits, 0 errors, 3 left on base; Mississippi State 7 - Saint John's 3 |
BOTTOM OF THE 7TH |
Saint John's Red Storm batting - Pitching for Mississippi State Bulldogs : RHP Chris Brandt
|
Batting: RHB Jack Bishop
|
0-0: Called Strike 0-1: DOUBLE (Line Drive, 89D)
|
Batting: RHB Karl Livingston
|
0-0: Ball 1-0: Swinging Strike 1-1: Ball 2-1: Foul Ball, location: 2F 2-2: Foul Ball, location: 2F 2-2: Foul Ball, location: 2F 2-2: Ball 3-2: Base on Balls
|
Pitching: RHP Richard Castle
|
|
Batting: RHB Thomas Barnes
|
0-0: Ball 1-0: SINGLE (Line Drive, 8LS) Jack Bishop to third Karl Livingston to second Runner from 3rd tries for Home, SAFE, no throw
|
Batting: RHB Tristan Vincent
|
0-0: Ball 1-0: Reached on error, E6 (Groundball, 6) Karl Livingston to third Thomas Barnes to second
|
Pitching: RHP Jorge Gómez
|
|
Batting: LHB Roger Faulkner
|
0-0: Called Strike 0-1: Ball 1-1: Called Strike 1-2: Ball 2-2: Foul Ball, location: 2F 2-2: Grounds into double play, 4-6-3 (Groundball, 4) Karl Livingston scores Thomas Barnes to third
|
Batting: RHB Russ Long
|
0-0: Ball 1-0: Foul Ball, location: 2F 1-1: Called Strike 1-2: Foul Ball, location: 2F 1-2: Ball 2-2: Strikes out looking
|
Bottom of the 7th over - 2 runs, 2 hits, 1 error, 1 left on base; Mississippi State 7 - Saint John's 5 |
TOP OF THE 8TH |
Mississippi State Bulldogs batting - Pitching for Saint John's Red Storm : RHP Steve Batten
|
Batting: LHB Juan Branch
|
0-0: Ball 1-0: SINGLE (Line Drive, 8LS)
|
Batting: RHB Bryan Weber
|
0-0: Ball 1-0: Foul Ball, location: 2F 1-1: Ball 2-1: Ball 3-1: Called Strike 3-2: SINGLE (Flyball, 8RS) Juan Branch to second Runner from 2nd tries for 3rd, SAFE, no throw
|
Batting: RHB Louis-Joseph Perrier
|
0-0: Foul Ball, location: 2F 0-1: Foul Ball, location: 2F 0-2: Ball 1-2: Ball 2-2: Foul Ball, location: 2F 2-2: Foul Ball, location: 2F 2-2: Strikes out swinging Bryan Weber steals 2nd base Batter strikes out.
|
Batting: RHB Cory Douglas
|
0-0: Ball 1-0: Fly out, F8 (Flyball, 8LS) Runner from 3rd tags up, SCORES, no throw
|
Pitching: RHP Sam George
|
|
Batting: SHB Tom Stewart
|
0-0: Called Strike 0-1: Ball 1-1: Called Strike 1-2: Ball 2-2: Foul Ball, location: 2F 2-2: Foul Ball, location: 2F 2-2: Foul Ball, location: 2F 2-2: Ball 3-2: Base on Balls
|
Batting: SHB Jessie Teague
|
0-0: Ground out 1-3 (Groundball, 15S)
|
Top of the 8th over - 1 run, 2 hits, 0 errors, 2 left on base; Mississippi State 8 - Saint John's 5 |
BOTTOM OF THE 8TH |
Saint John's Red Storm batting - Pitching for Mississippi State Bulldogs : RHP Jorge Gómez
|
Batting: LHB Jack Rigney
|
0-0: Fly out, F8 (Flyball, 78D)
|
Batting: SHB Keith Frazier
|
0-0: Foul Ball, location: 2F 0-1: Ball 1-1: Reached on error, E1 (Groundball, 15)
|
Batting: RHB Peter Williams
|
0-0: Ball 1-0: Ball 2-0: Foul Ball, location: 2F 2-1: Ball 3-1: SINGLE (Flyball, 9LS) Keith Frazier to second Runner from 2nd tries for 3rd, SAFE, no throw
|
Batting: RHB Jack Bishop
|
0-0: Ball 1-0: Fly out, F6 (Popup, 6D)
|
Batting: RHB Karl Livingston
|
0-0: Called Strike 0-1: Ball 1-1: Swinging Strike 1-2: Fly out, F7 (Flyball, 7S)
|
Bottom of the 8th over - 0 runs, 1 hit, 1 error, 2 left on base; Mississippi State 8 - Saint John's 5 |
TOP OF THE 9TH |
Mississippi State Bulldogs batting - Pitching for Saint John's Red Storm : RHP Sam George
|
Pitching: RHP Leonardo Castillo
|
|
Batting: RHB Brian Hoover
|
0-0: Called Strike 0-1: Ball 1-1: Ball 2-1: Foul Ball, location: 2F 2-2: Ball 3-2: Strikes out looking
|
Batting: LHB Joey Clark
|
0-0: Ball 1-0: Ball 2-0: Called Strike 2-1: SINGLE (Groundball, 4MD)
|
Batting: RHB Andrew Barker
|
0-0: Called Strike 0-1: Ball 1-1: Swinging Strike 1-2: Ground out 2-3 (Groundball, 15S) Joey Clark to second
|
Batting: LHB Juan Branch
|
0-0: Intentional Walk
|
Batting: RHB Bryan Weber
|
0-0: SINGLE (Groundball, 6MD) Joey Clark to third Juan Branch to second Runner from 3rd tries for Home, SAFE, throw made home
|
Batting: RHB Louis-Joseph Perrier
|
0-0: Called Strike 0-1: Ball 1-1: Swinging Strike 1-2: Ball 2-2: Strikes out swinging
|
Top of the 9th over - 1 run, 2 hits, 0 errors, 2 left on base; Mississippi State 9 - Saint John's 5 |
BOTTOM OF THE 9TH |
Saint John's Red Storm batting - Pitching for Mississippi State Bulldogs : RHP Jorge Gómez
|
Pitching: RHP John Jackson
|
|
Batting: RHB Thomas Barnes
|
0-0: Called Strike 0-1: Ground out 6-3 (Groundball, 6)
|
Batting: RHB Tristan Vincent
|
0-0: SOLO HOME RUN (Flyball, 7LD), Distance : 320 ft
|
Batting: LHB Roger Faulkner
|
0-0: Ball 1-0: Called Strike 1-1: Ball 2-1: Foul Ball, location: 2F 2-2: Fly out, F8 (Flyball, 8RD)
|
Batting: RHB Russ Long
|
0-0: Called Strike 0-1: Foul Ball, location: 2F 0-2: Foul Ball, location: 2F 0-2: SOLO HOME RUN (Flyball, 7D), Distance : 348 ft
|
Batting: LHB Jack Rigney
|
0-0: Foul Ball, location: 2F 0-1: Foul Ball, location: 2F 0-2: Ball 1-2: Strikes out swinging
|
Bottom of the 9th over - 2 runs, 2 hits, 0 errors, 0 left on base; Mississippi State 9 - Saint John's 7 |
|